 Dungeon Crawl Stone Soup version 0.17.0-24-gcfadda4 (webtiles) character file.

359071 MDvedh the Tortoise (level 21, 0/206 HPs)
             Began as a Deep Dwarf Fighter on Nov 17, 2015.
             Was the Champion of Makhleb.
             Killed from afar by a lich (36 damage)
             ... with an orb of energy
             ... on level 5 of the Vaults.
             The game lasted 01:48:48 (36895 turns).

MDvedh the Tortoise (Deep Dwarf Fighter)           Turns: 36895, Time: 01:48:49

Health: 0/206      AC: 30    Str: 28    XL:     21   Next: 45%
Magic:  26/26      EV: 20    Int: 14    God:    Makhleb [******]
Gold:   2191       SH: 15    Dex: 13    Spells: 0 memorised, 20 levels left

rFire  + . .     SeeInvis +     V - +1 war axe (flame)
rCold  . . .     Clarity  +     i - +1 plate armour {MR+}
rNeg   + + .     SustAt   .     c - +0 shield
rPois  +         Gourm    .     P - +1 helmet {SInv}
rElec  .         Spirit   .     F - +1 cloak
rCorr  .         Warding  +     a - +1 pair of gloves of the First Snow {rPois Int+4 Slay+2}
rMut   .         Stasis   .     k - +0 pair of boots
MR     ++++.                    o - amulet of warding
Stlth  ..........               Z - ring of protection from fire
                                R - +4 ring of evasion

@: about to teleport, very slightly contaminated, non-regenerating, incredibly
resistant to hostile enchantments, extremely unstealthy
A: damage resistance, recharge devices, clarity, negative energy resistance 1,
sense surroundings 3, slow regeneration 3
a: Device Recharging, Minor Destruction, Lesser Servant of Makhleb, Major
Destruction, Greater Servant of Makhleb, Renounce Religion
}: 2/15 runes: decaying, serpentine


You were on level 5 of the Vaults.
You worshipped Makhleb.
Makhleb was exalted by your worship.
You were not hungry.

You visited 7 branches of the dungeon, and saw 41 of its levels.
You also visited: Labyrinth, Ice Cave and Volcano.

You collected 4341 gold pieces.
You spent 2150 gold pieces at shops.

Inventory:

Hand Weapons
 T - a +1 broad axe of holy wrath
 U - a +0 broad axe
 V - a +1 war axe of flaming (weapon)
Armour
 a - the +1 pair of gloves of the First Snow (worn) {rPois Int+4 Slay+2}
   (You bought it in a shop on level 2 of the Orcish Mines)

   It affects your intelligence (+4).
   It affects your accuracy and damage with ranged weapons and melee attacks
   (+2).
   It protects you from poison.
 c - a +0 shield (worn)
 i - a +1 plate armour of magic resistance (worn)
 k - a +0 pair of boots (worn)
 F - a +1 cloak (worn)
 P - a +1 helmet of see invisible (worn)
Jewellery
 d - the ring of the Furies {Ice +Inv rElec rPois Str-5}
   (You found it on level 2 of the Swamp)

   [ring of ice]

   It enhances your ice magic, and weakens your fire magic.
   It affects your strength (-5).
   It makes you vulnerable to fire.
   It protects you from cold.
   It insulates you from electricity.
   It protects you from poison.
   It lets you turn invisible.
 l - an uncursed ring of protection from magic
 o - an amulet of warding (around neck)
 p - an uncursed ring of positive energy
 y - an uncursed ring of poison resistance
 I - an uncursed amulet of resist corrosion
 J - an uncursed ring of protection from cold
 R - a +4 ring of evasion (left hand)
 Z - a ring of protection from fire (right hand)
Wands
 e - a wand of heal wounds (1)
 L - a wand of teleportation (6)
 S - a wand of disintegration (6)
 X - a wand of digging (8)
Scrolls
 b - 8 scrolls of identify
 h - 8 scrolls of enchant weapon
 n - 2 scrolls of vulnerability
 q - 2 scrolls of blinking
 r - 6 scrolls of teleportation
 t - 5 scrolls of enchant armour
 u - 2 scrolls of summoning
 z - 2 scrolls of holy word
 B - 10 scrolls of recharging
 E - 5 scrolls of immolation
 G - 4 scrolls of silence
 K - 2 scrolls of magic mapping
 M - 5 scrolls of fog
 O - 6 scrolls of fear
 Q - 14 scrolls of remove curse
Potions
 j - 5 potions of flight
 m - 2 potions of magic
 s - a potion of heal wounds
 w - 13 potions of curing
 x - 6 potions of resistance
 A - 2 potions of cure mutation
 D - a potion of haste
 N - 3 potions of cancellation
 Y - a potion of invisibility
Books
 v - a book of Hinderance

   Spells                             Type                      Level
   a - Confusing Touch                Hexes                        2
   b - Confuse                        Hexes                        3
   c - Gell's Gravitas                Hexes/Translocation          3
   d - Petrify                        Transmutation/Earth          4
   e - Metabolic Englaciation         Hexes/Ice                    5
Comestibles
 f - 16 bread rations
 g - 6 chunks of flesh
 C - 19 meat rations
 H - 8 fruits
 W - a slice of pizza


   Skills:
 + Level 16.4 Fighting
 + Level 18.4 Axes
 + Level 19.1 Armour
 + Level 16.3 Dodging
 - Level 15.0 Shields
 + Level 18.3 Invocations


You had 20 spell levels left.
You didn't know any spells.

Dungeon Overview and Level Annotations

Branches:
Dungeon (15/15)            Temple (1/1) D:5            Lair (8/8) D:9
  Swamp (4/4) Lair:3        Snake (4/4) Lair:6        Slime (0/6) Lair:6
    Orc (4/4) D:11            Elf (0/3) Orc:4        Vaults (5/5) D:14
  Crypt (0/3) Vaults:2     Depths (0/5) D:15

Altars:
Ashenzari
Cheibriados
Dithmenos
Elyvilon
Fedhas
Gozag
Kikubaaqudgha
Makhleb
Nemelex Xobeh
Okawaru
Qazlal
Ru
Sif Muna
Trog
Vehumet
Xom
Yredelemnul
Zin
The Shining One
Beogh
Jiyva

Shops:
D:9 *   D:11 }*=%(   Orc:2 [   Orc:4 ((=[*   Vaults:2 %(%   Vaults:3 *

Annotations:
Lair:3 exclusion: oklob plant
Lair:6 1 runed door
Swamp:3 exclusion: 2 oklob plants
Orc:4 exclusion: oklob plant


Innate Abilities, Weirdness & Mutations

You are resistant to damage.
You can recharge devices by infusing magical energy.
You resist negative energy.
You passively map a large area around you.
You do not regenerate naturally.
You possess an exceptional clarity of mind.


Message History

The Ice Fiend gestures at you.
The bolt of cold hits the lich.
The lich resists.
The bolt of cold hits you!
* * * LOW HITPOINT WARNING * * *
Unknown command.
Evoke which item? (* to show all) (? for menu, Esc to quit)
Zapping:
e - a wand of heal wounds (2)
Press: ? - help, Shift-Dir - straight line, f - you You feel much better.
This wand has 1 charge left.
You block the lich's attack.
The Ice Fiend calls on the powers of darkness!
Your body is wracked with pain!
* * * LOW HITPOINT WARNING * * *
The iron dragon convulses!
The ice dragon convulses!
The ironbrand convoker convulses!
You block the lich's attack.
Unknown command.
Unknown command.
Unknown command.
The Ice Fiend disappears in a puff of smoke!
The lich points at you and mumbles some strange words.
The orb of energy hits you!
You die...

,,, * , * ** ,, , , , *
#..., , * * , ,, ,*
#..., , * # , ,#... * ,
,, ,#$ , #.p.#, , *
....#..##+##...# , ** ,,
....#.........D# , . ,,
....#........D8#####....
...........2.§L.@.......
......##################
* , ......... ,, ,,, , ,
[<1L..... , , , ,,,,, ,
, , <[.D....., , ,,,
LD<...... , , , , ,
......### * * * *
..1....#* ,** , ,, ,
....#..#* , * , ,


You could see an iron dragon and a lich.

Vanquished Creatures
  Mennas (Vaults:3)
  Jory (Vaults:4)
  A lich (Vaults:2)
  Rupert (Lair:3)
  Gastronok (Lair:2)
  5 thorn hunters
  2 tengu reavers (Vaults:3)
  Frances (Swamp:2)
  3 sphinxes
  2 storm dragons
  7 greater nagas
  A fire giant (Vaults:1)
  A frost giant (D:10)
  A deep elf sorcerer (Vaults:3)
  9 vault wardens
  Louise (Swamp:3)
  3 orc warlords
  5 very ugly things
  11 ironheart preservers
  2 war gargoyles
  10 stone giants
  2 deep elf demonologists (Vaults:4)
  The ghost of UristPineapples the Bludgeoner, a journeyman GrFi of Ru (Lair:6)
  3 ettins
  4 fire dragons
  11 yaktaur captains
  39 vault guards
  A minotaur (Lab)
  3 great orbs of eyes
  5 ice dragons
  16 naga warriors
  14 hydras
  2 centaur warriors
  11 ogre magi
  6 anacondas
  2 catoblepae
  A tengu warrior (D:11)
  A dancing weapon (Vaults:3)
  17 death yaks
  A vampire mage (Vaults:3)
  6 alligators
  An orc high priest (Orc:4)
  9 shock serpents
  4 deep troll shamans
  A deep troll earth mage (D:13)
  28 naga sharpshooters
  Urug (Lair:2)
  7 hell knights (Vaults:4)
  4 deep elf knights
  2 wizards
  4 unseen horrors
  2 salamander mystics
  A shadow wraith (Vaults:4)
  13 deep trolls
  2 fire crabs (Vaults:4)
  A swamp dragon (shapeshifter) (Vaults:3)
  6 shambling mangroves
  4 spriggan druids
  2 giant orange brains
  13 ironbrand convokers
  11 hill giants
  2 necromancers (Vaults:4)
  9 swamp dragons
  A shadow dragon zombie (Vaults:4)
  A sea snake (Snake:1)
  3 harpies (Vaults:1)
  A flayed ghost (D:10)
  12 naga ritualists
  5 lindwurms
  51 ugly things
  3 deep elf conjurers
  5 orc sorcerers
  16 mana vipers
  2 phantasmal warriors
  11 orc knights
  A cyclops (shapeshifter) (Vaults:1)
  8 griffons
  14 salamanders
  5 wolf spiders
  2 hornets
  2 hornets (shapeshifter)
  3 manticores
  11 cyclopes
  A moth of wrath (shapeshifter) (Vaults:1)
  5 guardian serpents
  34 black mambas
  31 naga magi
  2 gargoyles (D:14)
  23 elephants
  A torpor snail (Lair:8)
  A black mamba (shapeshifter) (Vaults:3)
  15 vault sentinels
  17 spiny frogs
  A redback zombie (D:12)
  A yaktaur zombie (Vaults:4)
  A human zombie (Vaults:4)
  32 yaktaurs
  A spiny frog (shapeshifter) (Vaults:3)
  7 komodo dragons
  A jumping spider (Vaults:5)
  A deep elf priest (Orc:4)
  7 freezing wraiths
  2 kobold demonologists
  2 fire drakes (Lair:8)
  A troll (D:13)
  2 tengu conjurers
  18 two-headed ogres
  4 polar bears
  Grinder (D:3)
  2 raiju (shapeshifter)
  A harpy skeleton (D:14)
  19 blink frogs
  A jumping spider (shapeshifter) (Vaults:2)
  An ettin zombie (Vaults:4)
  3 bog bodies
  21 slime creatures
  4 boulder beetles
  A centaur simulacrum (D:13)
  2 flying skulls (Volcano)
  A redback (shapeshifter) (Vaults:3)
  A wraith (D:10)
  3 spriggans
  A trapdoor spider (D:13)
  10 redbacks
  42 yaks
  A human (D:14)
  3 deep elf magi
  3 fire bats (Lair:1)
  4 vampires (Volcano)
  7 basilisks
  12 hippogriffs
  10 deep elf fighters
  A trapdoor spider (shapeshifter) (Vaults:1)
  A tarantella (shapeshifter) (Vaults:1)
  10 wolves
  3 wyverns
  3 hungry ghosts
  52 nagas
  33 vampire mosquitoes
  A soldier ant (D:12)
  4 insubstantial wisps (Swamp:3)
  A mottled dragon (Vaults:2)
  3 wargs
  A naga (shapeshifter) (Vaults:1)
  10 water moccasins
  10 porcupines
  20 swamp worms
  32 orc warriors
  13 swamp drakes
  An eye of draining (Vaults:3)
  A black bear (shapeshifter) (Vaults:1)
  16 ice beasts
  A black bear (D:7)
  A necrophage (D:15)
  2 phantoms
  22 centaurs
  4 sky beasts
  15 boggarts
  12 wasps
  14 crocodiles
  41 ogres
  2 brain worms
  Blork the orc (D:5)
  21 giant frogs
  3 big kobolds
  A water moccasin zombie (D:7)
  2 wyvern skeletons
  5 scorpions
  6 killer bees
  13 wights
  2 crimson imps
  A giant frog zombie (D:8)
  A wasp zombie (D:9)
  3 electric eels
  3 centaur zombies
  A gnoll shaman (D:6)
  4 centaur skeletons
  27 orc priests
  Ijyb (D:3)
  8 hounds
  5 jellies
  A giant frog skeleton (D:12)
  9 iguanas
  28 orc wizards
  9 worker ants
  6 sheep
  3 ogre skeletons (Lab)
  A hound zombie (D:9)
  4 hound skeletons
  11 gnolls
  14 river rats
  13 adders
  7 shadow imps
  2 oozes
  An adder zombie (D:7)
  An adder skeleton (D:7)
  A worm (D:2)
  6 giant geckos
  127 orcs
  15 bats
  5 giant cockroaches
  2 gnoll zombies (D:4)
  11 hobgoblins
  7 jackals
  22 kobolds
  5 quokkas
  3 ball pythons
  A giant cockroach zombie (D:6)
  A giant gecko zombie (D:5)
  3 giant newts
  4 goblins
  A jackal skeleton (D:4)
  A quokka zombie (D:7)
  9 rats
  4 briar patches (Swamp:4)
  A bush (Lair:1)
  2 fungi (Lair:7)
  4 plants
1647 creatures vanquished.

Vanquished Creatures (others)
  An eldritch tentacle (Vaults:2)
  A naga warrior (Snake:4)
  A centaur warrior (Vaults:2)
  A freezing wraith (Vaults:1)
  An orc warrior (Vaults:4)
  A swamp drake (Swamp:4)
  An ogre (Vaults:4)
  A boggart (Vaults:3)
  2 briar patches (Swamp:4)
  77 eldritch tentacle segments (Vaults:2)
  7 fungi (Swamp:3)
  3 plants
97 creatures vanquished.

Grand Total: 1744 creatures vanquished

Notes
Turn   | Place    | Note
--------------------------------------------------------------
     0 | D:1      | MDvedh the Deep Dwarf Fighter began the quest for the Orb.
     0 | D:1      | Reached XP level 1. HP: 20/20 MP: 1/1
     1 | D:1      | Found a shimmering altar of Xom.
   146 | D:1      | Reached XP level 2. HP: 25/27 MP: 2/2
   470 | D:1      | Reached XP level 3. HP: 28/33 MP: 3/3
   542 | D:1      | Reached skill level 4 in Axes
  1249 | D:3      | Noticed a phantom
  1287 | D:3      | Killed a phantom
  1287 | D:3      | Reached skill level 5 in Axes
  1287 | D:3      | Reached XP level 4. HP: 36/40 MP: 4/4
  1287 | D:3      | Reached XP level 5. HP: 41/46 MP: 5/5
  1337 | D:3      | Noticed Grinder
  1363 | D:3      | Reached skill level 6 in Axes
  1363 | D:3      | Paralysed by Grinder for 2 turns
  1373 | D:3      | Paralysed by Grinder for 3 turns
  1380 | D:3      | Paralysed by Grinder for 6 turns
  1388 | D:3      | Killed Grinder
  1388 | D:3      | Reached skill level 7 in Axes
  1388 | D:3      | Reached XP level 6. HP: 32/55 MP: 6/6
  1519 | D:3      | Noticed Ijyb
  1532 | D:3      | Killed Ijyb
  1853 | D:3      | Reached skill level 8 in Axes
  1998 | D:4      | Found a sacrificial altar of Ru.
  2013 | D:4      | Reached XP level 7. HP: 54/61 MP: 7/7
  2166 | D:4      | Found a radiant altar of Vehumet.
  2201 | D:4      | Reached skill level 9 in Axes
  2278 | D:4      | Found a basalt altar of Yredelemnul.
  2524 | D:5      | Entered Level 5 of the Dungeon
  2541 | D:5      | Noticed Blork the orc
  2575 | D:5      | Killed Blork the orc
  2575 | D:5      | Reached skill level 10 in Axes
  2658 | D:5      | Reached XP level 8. HP: 51/68 MP: 7/7
  2728 | D:5      | Found a glowing golden altar of the Shining One.
  3114 | D:5      | Found a staircase to the Ecumenical Temple.
  3140 | Temple   | Entered the Ecumenical Temple
  3154 | Temple   | Became a worshipper of Makhleb the Destroyer
  3186 | D:5      | Reached skill level 11 in Axes
  3535 | D:6      | Reached * piety under Makhleb
  3634 | D:6      | Reached skill level 12 in Axes
  3807 | D:6      | Gained mutation: You passively map the area around you. [Deep Dwarf growth]
  3807 | D:6      | Reached XP level 9. HP: 23/74 MP: 7/7
  4067 | D:6      | Reached skill level 13 in Axes
  4181 | D:6      | Reached ** piety under Makhleb
  4395 | D:7      | Noticed a brown ugly thing
  4466 | D:7      | Reached skill level 14 in Axes
  4509 | D:7      | Found a shimmering altar of Xom.
  4510 | D:7      | Found a shimmering altar of Xom.
  4511 | D:7      | Found a shimmering altar of Xom.
  4511 | D:7      | Found a shimmering altar of Xom.
  4516 | D:7      | Found a shimmering altar of Xom.
  4518 | D:7      | Found a shimmering altar of Xom.
  4518 | D:7      | Found a shimmering altar of Xom.
  4710 | D:7      | Reached *** piety under Makhleb
  4769 | D:7      | Killed a brown ugly thing
  4906 | D:7      | Found a bloodstained altar of Trog.
  4979 | D:7      | Reached skill level 15 in Axes
  4979 | D:7      | Reached XP level 10. HP: 38/81 MP: 7/7
  5348 | D:8      | Noticed a cyclops
  5358 | D:8      | Killed a cyclops
  5546 | D:8      | Found a shattered altar of Ashenzari.
  6105 | D:9      | Reached skill level 16 in Axes
  6122 | D:9      | Reached **** piety under Makhleb
  6125 | D:9      | Found a sparkling altar of Nemelex Xobeh.
  6136 | D:9      | Found Zin's Purification Station.
  6136 | D:9      | Found a glowing silver altar of Zin.
  6362 | D:9      | Found a staircase to the Lair.
  6364 | D:9      | Noticed a death yak
  6380 | D:9      | Killed a death yak
  6769 | D:9      | Reached skill level 17 in Axes
  6963 | Lair:1   | Entered Level 1 of the Lair of Beasts
  6993 | Lair:1   | Found a labyrinth entrance.
  7029 | Lair:1   | Found a dark tunnel.
  7053 | Volcano  | Entered a volcano
  7074 | Volcano  | Reached XP level 11. HP: 82/88 MP: 8/8
  7358 | Lab      | Entered a labyrinth
  7924 | Lab      | Noticed a minotaur
  7933 | Lab      | Killed a minotaur
  7933 | Lab      | Reached skill level 5 in Shields
  7943 | Lab      | Identified Fupant's Guide on Displacement
  7946 | Lab      | Identified the Almanac of Enhancements
  7949 | Lab      | Got a pitted short sword
  8087 | Lair:1   | Noticed an elephant
  8087 | Lair:1   | Noticed an elephant
  8088 | Lair:1   | Noticed an elephant
  8091 | Lair:1   | Noticed an elephant
  8092 | Lair:1   | Noticed an elephant
  8098 | Lair:1   | Killed an elephant
  8107 | Lair:1   | Killed an elephant
  8107 | Lair:1   | Reached ***** piety under Makhleb
  8107 | Lair:1   | Reached skill level 5 in Armour
  8115 | Lair:1   | Killed an elephant
  8131 | Lair:1   | Killed an elephant
  8133 | Lair:1   | Killed an elephant
  8926 | Lair:2   | Reached skill level 5 in Fighting
  9013 | Lair:2   | Reached XP level 12. HP: 86/103 MP: 9/9
  9123 | Lair:2   | Noticed Urug
  9133 | Lair:2   | Killed Urug
  9512 | Lair:2   | Noticed Gastronok
  9533 | Lair:2   | Killed Gastronok
  9549 | Lair:2   | Reached skill level 10 in Shields
  9939 | Lair:3   | Found a staircase to the Swamp.
 10329 | Lair:3   | Noticed Rupert
 10348 | Lair:3   | HP: 2/106 [Rupert/great sword of electrocution (17)]
 10355 | Lair:3   | Killed Rupert
 12077 | Lair:6   | Noticed UristPineapples's ghost (journeyman GrFi)
 12114 | Lair:6   | Killed UristPineapples's ghost
 12114 | Lair:6   | Reached XP level 13. HP: 70/115 MP: 9/9
 12217 | Lair:6   | Noticed a four-headed hydra
 12231 | Lair:6   | Killed a four-headed hydra
 12343 | Lair:6   | Found a runed door.
 12344 | Lair:6   | Found a viscous altar of Jiyva.
 12348 | Lair:6   | Found a staircase to the Slime Pits.
 12495 | Lair:6   | Gained mutation: You are robust (+10% HP). [potion of mutation]
 12495 | Lair:6   | Lost mutation: You are robust (+10% HP). [potion of mutation]
 12495 | Lair:6   | Gained mutation: You possess an exceptional clarity of mind. [potion of mutation]
 12586 | Lair:6   | Found a staircase to the Snake Pit.
 12865 | Lair:6   | Found a blossoming altar of Fedhas.
 13308 | Lair:7   | Noticed a catoblepas
 13318 | Lair:7   | Killed a catoblepas
 13318 | Lair:7   | Reached ****** piety under Makhleb
 14073 | Lair:8   | Entered Level 8 of the Lair of Beasts
 14101 | Lair:8   | Reached skill level 10 in Armour
 14189 | Lair:8   | Found a frozen archway.
 14243 | IceCv    | Entered an ice cave
 14321 | IceCv    | Identified a scroll of acquirement
 14366 | Lair:8   | Gained mutation: You resist negative energy. [Deep Dwarf growth]
 14366 | Lair:8   | Reached XP level 14. HP: 127/127 MP: 10/10
 15062 | Lair:8   | Reached skill level 15 in Shields
 15123 | Lair:8   | Reached skill level 1 in Dodging
 15558 | D:10     | Entered Level 10 of the Dungeon
 15810 | D:10     | You fall through a shaft!
 16264 | D:10     | Found a runed door.
 16314 | D:10     | Noticed a frost giant
 16423 | D:10     | Killed a frost giant
 16423 | D:10     | Reached skill level 10 in Fighting
 16562 | D:11     | Found Feusaol's Food Shoppe.
 16782 | D:11     | Found Cafas's Weapon Shoppe.
 16838 | D:11     | Found Oheahol's Jewellery Emporium.
 16872 | D:11     | Bought a cursed amulet of inaccuracy for 24 gold pieces
 16872 | D:11     | Bought a cursed ring of loudness for 54 gold pieces
 16900 | D:11     | Found Cihui's Gadget Shop.
 17016 | D:11     | Found a staircase to the Orcish Mines.
 17122 | D:11     | Found Ikistum's General Store.
 17433 | D:12     | Reached skill level 1 in Invocations
 18280 | Orc:1    | Entered Level 1 of the Orcish Mines
 18464 | Orc:1    | Found a roughly hewn altar of Beogh.
 18561 | Orc:1    | Found a roughly hewn altar of Beogh.
 18805 | Orc:2    | Reached XP level 15. HP: 140/140 MP: 10/10
 18822 | Orc:2    | Found Buba's Antique Armour Emporium.
 18833 | Orc:2    | Bought a pair of ancient gloves for 275 gold pieces
 18844 | Orc:2    | Identified the +1 pair of gloves of the First Snow {rPois Int+4 Slay+2} (You bought it in a shop on level 2 of the Orcish Mines)
 19352 | Orc:4    | Entered Level 4 of the Orcish Mines
 19436 | Orc:4    | Reached skill level 5 in Dodging
 19650 | Orc:4    | Found Xegorghi's Antique Weapon Emporium.
 19695 | Orc:4    | Found a roughly hewn altar of Beogh.
 19791 | Orc:4    | Found Susaos's Antique Armour Shoppe.
 19803 | Orc:4    | Found Focsi's General Store.
 19806 | Orc:4    | Found Ryeneyja's Jewellery Shoppe.
 19827 | Orc:4    | Found Qilieth's Antique Weapon Shoppe.
 19854 | Orc:4    | Bought a scroll of identify for 24 gold pieces
 19854 | Orc:4    | Bought a scroll of identify for 24 gold pieces
 19870 | Orc:4    | Bought a brightly glowing cloak for 380 gold pieces
 19880 | Orc:4    | Identified the -1 cloak of Elitism {MR+ Int+7} (You bought it in a shop on level 4 of the Orcish Mines)
 19880 | Orc:4    | Bought an embroidered cloak for 180 gold pieces
 19892 | Orc:4    | Bought a runed plate armour for 920 gold pieces
 19955 | Orc:4    | Found a staircase to the Elven Halls.
 20853 | D:13     | Found a runed door.
 21456 | D:14     | Reached skill level 5 in Invocations
 21552 | D:14     | Found a gate to the Vaults.
 22103 | D:15     | Entered Level 15 of the Dungeon
 22566 | D:15     | Found a staircase to the Depths.
 23323 | Swamp:1  | Entered Level 1 of the Swamp
 24028 | Swamp:2  | Reached XP level 16. HP: 152/152 MP: 15/15
 24135 | Swamp:2  | Got a crude platinum ring
 24136 | Swamp:2  | Identified the ring of the Furies {Ice +Inv rElec rPois Str-5} (You found it on level 2 of the Swamp)
 24222 | Swamp:2  | Noticed Frances
 24249 | Swamp:2  | Killed Frances
 25106 | Swamp:3  | Noticed Louise
 25127 | Swamp:3  | Killed Louise
 25599 | Swamp:4  | Entered Level 4 of the Swamp
 25698 | Swamp:4  | Reached skill level 10 in Invocations
 25754 | Swamp:4  | Got a decaying rune of Zot
 25772 | Swamp:4  | Reached skill level 10 in Dodging
 26255 | Snake:1  | Entered Level 1 of the Snake Pit
 26300 | Snake:1  | Found an opulent altar of Gozag.
 26458 | Snake:1  | Reached XP level 17. HP: 106/162 MP: 18/18
 27207 | Snake:2  | Reached skill level 15 in Armour
 28849 | Snake:4  | Entered Level 4 of the Snake Pit
 28982 | Snake:4  | Gained mutation: You passively map a large area around you. [Deep Dwarf growth]
 28982 | Snake:4  | Reached XP level 18. HP: 127/174 MP: 20/20
 29820 | Snake:4  | Got a serpentine rune of Zot
 30390 | Vaults:1 | Entered Level 1 of the Vaults
 30988 | Vaults:1 | Reached skill level 15 in Invocations
 31041 | Vaults:1 | Reached XP level 19. HP: 183/183 MP: 23/23
 32198 | Vaults:2 | Found Keyrph's Food Emporium.
 32204 | Vaults:2 | Found Imosuk's Antique Weapon Emporium.
 32208 | Vaults:2 | Noticed a lich
 32243 | Vaults:2 | Killed a lich
 32363 | Vaults:2 | Reached skill level 15 in Fighting
 32761 | Vaults:2 | Found a staircase to the Crypt.
 32761 | Vaults:2 | Found an ancient bone altar of Kikubaaqudgha.
 32788 | Vaults:2 | Found a basalt altar of Yredelemnul.
 33357 | Vaults:2 | Bought a glowing war axe for 77 gold pieces
 33382 | Vaults:2 | Found Viywuoq's Food Emporium.
 33719 | Vaults:3 | Reached XP level 20. HP: 195/195 MP: 25/25
 33742 | Vaults:3 | Reached skill level 18 in Armour
 33812 | Vaults:3 | Reached skill level 15 in Dodging
 33983 | Vaults:3 | Identified the Almanac of Summoning
 34241 | Vaults:3 | Got a crude pewter ring
 34242 | Vaults:3 | Identified the ring of the Stag {rF+ Stlth-} (You found it on level 3 of the Vaults)
 34618 | Vaults:3 | Found Sugeen's Assorted Antiques.
 34629 | Vaults:3 | Bought a potion of heal wounds for 160 gold pieces
 34629 | Vaults:3 | Bought a scroll labeled VUV ZIOTOSCH for 32 gold pieces
 34723 | Vaults:3 | Noticed Mennas
 34786 | Vaults:3 | Killed Mennas
 36193 | Vaults:4 | Reached XP level 21. HP: 205/205 MP: 26/26
 36770 | Vaults:5 | Entered Level 5 of the Vaults
 36781 | Vaults:5 | Noticed Jory
 36794 | Vaults:4 | Reached skill level 19 in Armour
 36851 | Vaults:4 | Killed Jory
 36895 | Vaults:5 | Killed from afar by a lich

Action                   |  1- 3 |  4- 6 |  7- 9 | 10-12 | 13-15 | 16-18 | 19-21 || total
-------------------------+-------+-------+-------+-------+-------+-------+-------++-------
Melee: War axe           |   144 |   124 |   458 |   731 |  1881 |  2117 |  2097 ||  7552
       Demon trident     |       |       |       |       |     7 |       |       ||     7
Throw: Throwing net      |       |       |       |       |     1 |       |       ||     1
 Abil: Device Recharging |       |       |     3 |     1 |     2 |     1 |     1 ||     8
Evoke: Wand              |     1 |     3 |    12 |     5 |    12 |     5 |     8 ||    46
  Use: Scroll            |       |     3 |    11 |    12 |    14 |     5 |     7 ||    52
       Potion            |       |       |     2 |     6 |     5 |     3 |     5 ||    21
 Stab: Invisible         |       |     1 |       |       |       |       |       ||     1
       Sleeping          |       |       |       |       |       |       |     2 ||     2
  Eat: Chunk             |     2 |     2 |     9 |    14 |    21 |     4 |     5 ||    57
       Pizza             |       |       |     1 |     1 |     5 |     1 |     1 ||     9
       Beef jerky        |       |       |       |     3 |     3 |     3 |       ||     9
       Royal jelly       |       |       |       |     2 |       |       |     2 ||     4
       Bread ration      |       |       |       |       |     2 |       |     1 ||     3
       Fruit             |       |       |       |       |     2 |       |       ||     2
       Meat ration       |       |       |       |       |       |     3 |     2 ||     5
